 Dungeon Crawl Stone Soup version 0.27.1-33-g824d729ab1 (webtiles) character file.

Game seed: 7471316732761123008

1741 Descartes the Sneak (level 8, -14/37 HPs)
             Began as a Felid Wanderer on Dec 9, 2021.
             Demolished by a boulder beetle (51 damage)
             ... on level 7 of the Dungeon.
             The game lasted 00:27:17 (10714 turns).

Descartes the Sneak (Felid Wanderer)               Turns: 10714, Time: 00:27:18

Health: -14/37     AC:  2    Str: 21    XL:     8   Next: 77%
Magic:  8/17       EV: 20    Int: 15    God:
Gold:   326        SH:  0    Dex: 16    Spells: 2/17 levels left
                                        Lives:  0   Deaths: 2

rFire    . . .     SeeInvis +   (weapon unavailable)
rCold    . . .     Faith    .   (shield unavailable)
rNeg     . . .     Spirit   .   (armour unavailable)
rPois    .         Reflect  .   (helmet unavailable)
rElec    .         Harm     .   (cloak unavailable)
rCorr    .         Rampage  .   (gloves unavailable)
Will     +....                  (boots unavailable)
Stlth    ++++......             h - amulet of regeneration
HPRegen  1.12/turn              g - +6 ring of strength
MPRegen  0.15/turn              q - +6 ring of strength

@: quick
A: very small, claws 1, fangs 3, see invisible, speed 1, shaggy fur 2, stealthy
paws, no weapons or thrown items, no armour, multi-lived
a: no special abilities


You were on level 7 of the Dungeon.
You visited 2 branches of the dungeon, and saw 8 of its levels.

You collected 326 gold pieces.

Inventory:

Missiles
 b - 156 stones
Jewellery
 g - a +6 ring of strength (left paw)
 h - an amulet of regeneration (around neck)
 q - a +6 ring of strength (right paw)
 y - a ring of protection from cold
Wands
 a - a wand of paralysis (15)
 l - a wand of polymorph (3)
 w - a wand of iceblast (7)
Scrolls
 f - 2 scrolls of amnesia
 i - 5 scrolls of identify
 o - 3 scrolls of teleportation
 s - a scroll of summoning {unknown}
 t - a scroll of fear {unknown}
 u - a scroll of blinking {unknown}
 v - a scroll of noise {unknown}
 x - a scroll of magic mapping {unknown}
 z - a scroll of enchant armour {unknown}
Potions
 d - a potion of heal wounds
 e - a potion of invisibility {unknown}
 j - 2 potions of curing {unknown}
 k - 2 potions of flight {unknown}
 m - 2 potions of lignification {unknown}
 n - a potion of degeneration {unknown}
 p - a potion of attraction {unknown}
 r - a potion of haste {unknown}


   Skills:
 - Level 5.0 Fighting
 * Level 6.8 Dodging
 * Level 7.3 Stealth
 * Level 5.4 Spellcasting
 * Level 5.5 Conjurations
 + Level 3.5 Transmutations
 * Level 6.4 Fire Magic
 + Level 3.0 Earth Magic
 + Level 4.3 Evocations


You had 2 spell levels left.
You knew the following spells:

 Your Spells              Type           Power      Damage    Failure   Level
a - Foxfire               Conj/Fire      88%        2x1d8     1%          1
b - Irradiate             Conj/Tmut      8%         3d16      56%         5
c - Petrify               Tmut/Erth      13%        N/A       38%         4
d - Yara's Violent Unrav  Hex/Tmut       4%         3d4       91%         5

Your spell library contained the following spells:

 Spells                   Type           Power      Damage    Failure   Level
 Shock                    Conj/Air       48%        1d6       4%          1
 Sublimation of Blood     Necr           2%         N/A       24%         2
 Inner Flame              Hex/Fire       13%        N/A       12%         3
 Tukima's Dance           Hex            4%         N/A       43%         3
 Passage of Golubria      Tloc           N/A        N/A       83%         4


Dungeon Overview and Level Annotations

Branches:
Dungeon (7/15)             Temple (1/1) D:6

Altars:
Ashenzari
Cheibriados
Dithmenos
Elyvilon
Fedhas
Hepliaklqana
Kikubaaqudgha
Nemelex Xobeh
Okawaru
Qazlal
Ru
Sif Muna
Trog
Uskayaw
Xom
Yredelemnul
Zin
The Shining One

Shops:
D:3 =(?


Innate Abilities, Weirdness & Mutations

You have sharp claws.
You have razor-sharp teeth.
You have supernaturally acute eyesight. (SInv)
You cover ground quickly. (Speed+)
You are covered in thick fur. (AC +2)
Your paws help you pounce on unaware monsters.
You are incapable of wielding weapons or throwing items.
You cannot wear armour.
You gain extra lives every three experience levels.


Message History

The kobold brigand is severely wounded.
The foxfire hits the kobold brigand.
The kobold brigand is almost dead.
The kobold brigand closely misses you.
The boulder beetle leaps!
The kobold brigand completely misses you.
The kobold brigand hits you with a +0 short sword.
* * * LOW HITPOINT WARNING * * *
Casting: Foxfire (safe; 1% risk of failure)
Confirm with . or Enter, or press ? or * to list all spells.
You conjure some foxfire!
The foxfire hits the kobold brigand.
The kobold brigand is heavily wounded.
The foxfire hits the kobold brigand but does no damage.
The kobold brigand is almost dead.
The kobold brigand misses you. The kobold brigand closely misses you.
The kobold brigand hits you with a +0 short sword.
* * * LOW HITPOINT WARNING * * *
Casting: Foxfire (safe; 1% risk of failure)
Confirm with . or Enter, or press ? or * to list all spells.
You conjure some foxfire!
The foxfire hits the kobold brigand.
The kobold brigand is almost dead.
The foxfire hits the kobold brigand.
You kill the kobold brigand!
The kobold brigand barely misses you.
The kobold brigand hits you with a +0 club.
* * * LOW HITPOINT WARNING * * *
You feel much better.
The foxfire hits the kobold brigand.
The kobold brigand is heavily wounded.
The foxfire hits the kobold brigand.
The kobold brigand is lightly wounded.
The kobold brigand closely misses you.
The kobold brigand throws a curare-tipped dart.
The curare-tipped dart misses you.
The kobold brigand throws a poisoned dart.
The poisoned dart misses you.
The boulder beetle curls into a ball and begins rolling!
A boulder beetle is nearby!
There is a stone staircase leading up here.
The boulder beetle hits you!!!
Ouch! That really hurt!
You die...

#.........#.# #.....
####.#.#....# #)....
#.#°#..########)####
#.#°#..#............
#.#°#..#.######.#..#
#.#°#..#.#<...#.#..#
#.#○#..#.#..#.#.#§§#
#.#B#..#.#....#.#.†#
#.#@...#.##.###.#vB#
#.#.##.#.##.....#..#
#.#....#........#..#
#.#############.#...
#...............##.#
##################..
###


You could see a boulder beetle (rolling).

Vanquished Creatures
  Harold (D:7)
  A two-headed ogre (D:6)
  Pikel (D:4)
  A steam dragon (D:7)
  An ice beast (D:6)
  2 sky beasts
  A black bear (D:4)
  2 ogres (D:6)
  3 necrophages
  2 lemures (D:5)
  2 kobold brigands (D:7)
  3 bullfrogs (D:6)
  4 scorpions
  A water moccasin skeleton (D:7)
  A centaur zombie (D:6)
  A jelly (D:6)
  3 hounds
  2 orc priests
  A bullfrog skeleton (D:6)
  A gnoll shaman (D:7)
  Jessica (D:2)
  Terence (D:1)
  3 iguanas
  4 orc wizards
  Ijyb (D:3)
  A howler monkey zombie (D:6)
  5 adders
  7 gnolls
  An adder skeleton (D:4)
  2 dart slugs
  20 orcs
  6 ball pythons
  7 bats
  7 endoplasms
  2 giant cockroaches (D:1)
  8 goblins
  4 hobgoblins
  6 kobolds
  5 quokkas
  4 frilled lizards
  4 rats
133 creatures vanquished.

Vanquished Creatures (others)
  1050 foxfires
  A fungus (D:3)
  A plant (D:3)
  10 toadstools (D:7)
1062 creatures vanquished.

Grand Total: 1195 creatures vanquished

Notes
Turn   | Place    | Note
-------+----------+-------------------------------------------
     0 | D:1      | Descartes the Felid Wanderer began the quest for the Orb.
     0 | D:1      | Descartes set off with the following items: a wand of
                  | paralysis (15); and the following spell memorised: Foxfire;
                  | and the following spells available to memorise: Inner Flame
     0 | D:1      | Reached XP level 1. HP: 12/12 MP: 2/2
   410 | D:1      | Reached XP level 2. HP: 11/16 MP: 0/3
   512 | D:1      | Reached skill level 1 in Conjurations
  1211 | D:2      | Reached skill level 1 in Spellcasting
  1415 | D:2      | Reached XP level 3. HP: 19/19 MP: 2/5
  1685 | D:2      | Noticed Terence
  1783 | D:1      | Killed Terence
  2005 | D:2      | Reached XP level 4. HP: 23/23 MP: 0/7
  2138 | D:2      | Noticed Jessica
  2165 | D:2      | Killed Jessica
  2600 | D:3      | Found Duegam Sixza's Weapon Shop.
  2643 | D:3      | Noticed Ijyb
  2669 | D:3      | Killed Ijyb
  2670 | D:3      | Reached XP level 5. HP: 26/26 MP: 9/9
  3441 | D:3      | Found Rohank's Magic Scroll Boutique.
  3631 | D:3      | Found a faded altar of an unknown god.
  3636 | D:3      | Got Plato's Papyrus of Flight
  3834 | D:3      | Found Efunaxt's Jewellery Shoppe.
  3901 | D:4      | Noticed a necrophage
  3931 | D:4      | Killed a necrophage
  3932 | D:4      | Reached skill level 1 in Dodging
  3932 | D:4      | Reached skill level 1 in Stealth
  3932 | D:4      | Gained mutation: You are covered in thick fur. (AC +2)
                  | [Felid growth]
  3932 | D:4      | Reached XP level 6. HP: 10/30 MP: 1/10
  4288 | D:4      | Reached skill level 2 in Stealth
  4376 | D:4      | Learned a level 5 spell: Irradiate
  4381 | D:4      | Learned a level 4 spell: Petrify
  5415 | D:5      | Entered Level 5 of the Dungeon
  5871 | D:5      | Noticed Pikel
  6050 | D:5      | Noticed a sky beast
  6089 | D:5      | Killed a sky beast
  6090 | D:5      | Reached XP level 7. HP: 22/33 MP: 2/12
  6781 | D:4      | Killed Pikel
  6782 | D:4      | Reached skill level 4 in Stealth
  6782 | D:4      | Reached skill level 1 in Transmutations
  6782 | D:4      | Reached skill level 5 in Fire Magic
  6782 | D:4      | Reached skill level 1 in Earth Magic
  6782 | D:4      | Reached XP level 8. HP: 37/37 MP: 1/14
  7834 | D:6      | Reached skill level 5 in Stealth
  8071 | D:6      | Found a staircase to the Ecumenical Temple.
  8076 | Temple   | Entered the Ecumenical Temple
  8275 | D:6      | Identified the +3 trident of Darkness {vamp, rCorr Int+2}
  8363 | D:6      | Noticed a two-headed ogre
  8373 | D:6      | Killed a two-headed ogre
  8374 | D:6      | Reached skill level 5 in Dodging
  8374 | D:6      | Reached XP level 9. HP: 11/40 MP: 6/16
  8379 | D:6      | Reached skill level 6 in Stealth
  8479 | D:6      | Identified the +2 cloak "Toeri" {rF+ Will- rCorr Int+2}
  8767 | D:6      | Learned a level 5 spell: Yara's Violent Unravelling
  8777 | D:6      | Reached skill level 5 in Conjurations
  9215 | D:6      | Found a glowing golden altar of the Shining One.
  9669 | D:7      | Reached skill level 5 in Spellcasting
  9817 | D:7      | Noticed Harold
  9829 | D:7      | Mangled by Harold
  9830 | D:7      | Reached XP level 8. HP: -6/37 MP: 10/16
 10414 | D:7      | Noticed a boulder beetle
 10428 | D:7      | Mangled by a boulder beetle
 10429 | D:7      | Reached XP level 7. HP: -6/33 MP: 10/15
 10474 | D:7      | Killed Harold
 10475 | D:7      | Reached skill level 7 in Stealth
 10475 | D:7      | Reached XP level 8. HP: 37/37 MP: 1/17
 10695 | D:7      | HP: 1/37 [kobold brigand (3)]
 10714 | D:7      | Demolished by a boulder beetle

Illustrated notes

Levels and vault maps discovered:
D:1:      wander_arrival_fairy_ring, layout_rooms
D:2:      wad_pebble_path, layout_basic, uniq_jessica, uniq_terence
D:3:      layout_loops_ring, shapermc_ecumenical_altar_rom_forum, serial_shops,
          nicolae_diamond_shop, shop, shop, grunt_decor_cap, uniq_ijyb
D:4:      layout_basic
D:5:      layout_loops_cross, uniq_pikel
D:6:      layout_basic, lemuel_doored_altar, temple_doors_cd, serial_rivers,
          chequers_serial_rivers_small_b, chequers_serial_rivers_small_b,
          chequers_serial_rivers_micro_a, chequers_serial_rivers_room_b,
          chequers_serial_rivers_micro_a
D:7:      cheibrodos_fertilizer, layout_basic, lightli_temple_of_fire,
          corexii_corridor_pit, minivault_1, uniq_harold
Temple:   bh_familiar_temple

Skill      XL: |  1  2  3  4  5  6  7  8  9 |
---------------+----------------------------+-----
Fire Magic     | 3 4 5 6 |  6.4
Conjurations   | 1 2 3 4 5 |  5.5
Spellcasting   | 1 2 3 4 5 |  5.4
Dodging        | 1 2 3 5 6 |  6.8
Stealth        | 1 2 7 5 6 |  7.3
Transmutations | 1 2 3 |  3.5
Earth Magic    | 1 3 |  3.0
Evocations     | 3 4 |  4.3
Fighting       | |  5.0

Action                   |  1- 3 |  4- 6 |  7- 9 || total
-------------------------+-------+-------+-------++-------
Melee: Unarmed           |    34 |     6 |     1 ||    41
       Bite              |     6 |       |       ||     6
 Cast: Foxfire           |    81 |   207 |   342 ||   630
Evoke: Wand              |       |       |     5 ||     5
  Use: Scroll            |       |       |     4 ||     4
       Potion            |       |       |     1 ||     1
 Stab: Sleeping          |       |     1 |     1 ||     2
Armor: Skin              |     5 |     2 |       ||     7
Dodge: Dodged            |    29 |    43 |    65 ||   137
